woodfighter, chaotic female elven Priestess ----- --------------...--- .............*....?. -.....@..-- |....Iu...-- ---- -- --..........---- -........ |....*.........|--- -...................%.--.-- -.....G.......G...........-- |...........---.......--.........| --- -..... - ---.....--.....--<.| ...... |........--..|---- ---.. --.......|---- -. -.......- -........ |......... --........ ....|..--- --..----- --- woodfighter the Adept Experience level: 7 Strength: 14 Dexterity: 11 Constitution: 17 Intelligence: 17 Wisdom: 10 Charisma: 8 Health: 0(45) Energy: 75(84) Def: 8 Gold: 0 Moves: 4588 Dungeon seed: xmL950sfZnRSNxgH Game ID: woodfighter_1534414906 Your Inventory: Amulets D - an amulet versus poison (being worn) Weapons F - a blessed +3 mace named Mighty Mace (weapon in hand) G - 2 +0 orcish spears (in quiver) Armor e - a +0 dwarvish cloak y - a +0 cloak of protection (being worn) N - a +2 orcish helm (being worn) Y - a burnt +0 small shield (being worn) Comestibles c - a clove of garlic d - 3 sprigs of wolfsbane h - a magic bean V - a fortune cookie Z - a food ration Scrolls i - a scroll of earth j - a cursed scroll of earth l - a scroll of enchant armor Rings C - a ring of conflict Wands k - a wand of sleep (0:5) m - a blessed wand of teleportation (0:8) n - a wand of digging (0:4) w - a wand of fire (0:2) Spells and supernatural/magical abilities: Name Level Category Fail Memory h - healing 1 healing 10% 78% l - light 1 divination 27% 78% E - detect food 2 divination 80% 78% W - pray for help -- divine ? -- X - turn undead -- divine ? -- Your skills at the end: Miscellaneous Skills shield [Basic] wands [Basic] Weapon Skills mace [Basic] Spellcasting Skills clerical spells [Basic] Final Attributes: You were piously aligned. You were sleep resistant. You were poison resistant. Your writing hand was ok. You had infravision. You were very stealthy. You aggravated monsters. You were protected. You were unlucky. You are dead. Vanquished creatures: a small mimic a leather golem a leprechaun a lizard a gnome king a yeti a dingo 2 Mordor orcs 2 Uruk-hai a rock piercer a pony a fog cloud a violet fungus 2 gnome lords a guardian naga hatchling 2 gray oozes a straw golem a paper golem a giant ant a puppy a kitten a dwarf a kobold shaman an iguana 5 rothes a rabid rat 2 centipedes a giant bat 2 dwarf zombies 16 killer bees a coyote 4 hobbits 4 geckos a hobgoblin 3 giant rats a cave spider 2 brown molds a green mold a red mold 3 gnomes 6 manes 2 gnome zombies 10 jackals a fox a kobold 4 newts 3 goblins 14 grid bugs a bat 4 lichens a kobold zombie 123 creatures vanquished. Voluntary challenges: You did not cause conflict. You were not invisible. You did not have reflection. You were not displaced. You were an atheist. You used a wielded weapon 182 times, starting on turn 28. You did not use tools. You did not use plumbed fixtures. You did not drink any magical draughts. You read items or engraved 2 times, starting on turn 3596. You never genocided any monsters. You never polymorphed an object. You never changed form. You used no wishes. You never split a pudding. You never wrote Elbereth's name. You never violated your personal moral code. Dungeon overview: The Dungeons of Doom: levels 1 to 10 Level 1 a long staircase Level 2 a fountain Level 3 (water) Level 4 stairs to The Gnomish Mines Level 5 Level 6 a fountain Level 7 (water + vault) a bookstore Level 8 (books) a fountain Level 9 many fountains Level 10 a fountain stairs to Sokoban The Gnomish Mines: Level 5 <- You were here stairs to The Dungeons of Doom Sokoban: Level 9 a magic chest stairs to The Dungeons of Doom History has recorded: On T:1 you entered the Dungeons of Doom to retrieve the Amulet of Yendor! On T:35 you reached level 2 of The Dungeons of Doom. On T:363 you reached level 3 of The Dungeons of Doom. On T:669 you advanced to experience level 2. On T:853 you reached level 4 of The Dungeons of Doom. On T:884 you advanced to experience level 3. On T:1297 you reached level 5 of The Dungeons of Doom. On T:1315 you advanced to experience level 4. On T:1511 you reached level 1 of The Gnomish Mines. On T:1931 you reached level 6 of The Dungeons of Doom. On T:2060 you reached level 7 of The Dungeons of Doom. On T:2064 you advanced to experience level 5. On T:2180 you advanced to experience level 6. On T:2416 you reached level 8 of The Dungeons of Doom. On T:2969 you reached level 9 of The Dungeons of Doom. On T:3240 you advanced to experience level 7. On T:3683 you reached level 10 of The Dungeons of Doom. On T:4037 you reached level 4 of Sokoban. On T:4084 you opened a magic chest. Score breakdown: Gold: 0 ( 0 points) Experience: 7 levels ( 600 points) Exploration: 10 levels ( 270 points) Discoveries: 17 items ( 850 points) Variety of kills: 51 monsters ( 2000 points) Major goal: (nothing yet) ( 0 points) Survival: died (score multiplied by 3) Total score: 11160 Latest messages: Suddenly you cannot see the dwarf lord. The gnome lord punches you! You hit the gnome lord! The gnome king just misses! You kill the gnome lord! The gnome king punches you! You hit the gnome king! The gnome king punches you! You hit the gnome king! The pony kicks the gnome king. The gnome king is killed! You see here a rabid rat corpse. There are a few objects here. This gnome corpse tastes terrible! You stop eating. Something misses. You stop eating. Something hits you! (2x) The gnome throws a dagger! You are hit by a dagger. Elf is about to die. You feel better. (2x) Something hits you! (2x) You die... Final status: Goodbye woodfighter the Priestess, killed by an invisible dwarf lord... You died in The Gnomish Mines on dungeon level 5 with 11160 points, and 0 pieces of gold, after 4588 moves. You were level 7 with a maximum of 45 hit points when you died.